 Dungeon Sprint DCSS version 0.29.0-11-gd7f09526c8 (webtiles) character file.

Game seed: 10095085335995261785

294 Zeld the Cleaver (level 6, -2/61 HPs)
             Began as a Minotaur Berserker on Sept 6, 2022.
             Was a Believer of Trog.
             Slain by Sonja
             ... wielding a +2 short sword of distortion
              (5 damage)
             ... in the Dungeon (Sprint I: "Red Sonja").
             The game lasted 00:00:49 (924 turns).

Zeld the Cleaver (Minotaur Berserker)                Turns: 924, Time: 00:00:50

Health: -2/61      AC:  2    Str: 24    XL:     6   Next: 11%
Magic:  5/5        EV: 13    Int:  4    God:    Trog [**....]
Gold:   297        SH:  0    Dex:  9    Spells: 5/5 levels left

rFire   . . .      SeeInvis .   j - +2 scythe (freeze)
rCold   . . .      Faith    .   (shield currently unavailable)
rNeg    . . .      Spirit   .   b - +0 animal skin
rPois   .          Reflect  .   (helmet restricted)
rElec   .          Harm     .   (no cloak)
rCorr   .          Rampage  .   (no gloves)
Will    .....      NoTele   +   (no boots)
Stlth   +.........              (no amulet)
HPRegen 0.20/turn               (no ring)
MPRegen 0.09/turn               (no ring)

@: no status effects
A: horns 2, retaliatory headbutt
a: Renounce Religion, Berserk, Trog's Hand


You were in the Dungeon.
You worshipped Trog.
Trog was pleased with you.
You visited 1 branch You collected 297 gold pieces.

Inventory:

Hand Weapons
 a - a +0 hand axe
 j - a +2 scythe of freezing (weapon)
Armour
 b - a +0 animal skin (worn)
Wands
 i - a wand of quicksilver (5)
Scrolls
 h - a scroll of blinking
 k - 2 scrolls of identify {unknown}
Potions
 c - a potion of curing
 d - a potion of heal wounds
 e - a potion of haste
 f - 2 potions of magic
 g - a potion of berserk rage


   Skills:
 + Level 7.8 Fighting
 * Level 10.4 Axes
 + Level 7.2 Armour
 + Level 6.6 Dodging


You had 5 spell levels left.
You didn't know any spells.
Your spell library was empty.

Dungeon Overview and Level Annotations

Branches:
Dungeon (1/1)

Altars:
Sif Muna
Vehumet
Wu Jian

Annotations:
D Sonja


Innate Abilities, Weirdness & Mutations

You have a pair of horns on your head.
You reflexively headbutt those who attack you in melee.


Message History

There is a radiant altar of Vehumet here.
You open the door.
Sonja, the Graceful Assassin comes into view.
She is wielding a +2 short sword of distortion and quivering curare-tipped darts.
Sonja shouts!
Found 108 gold pieces.
Aiming: Quicksilver Bolt
Press: ? - help, Shift-Dir - straight line, f - Sonja
Aim: Sonja, wielding a +2 short sword of distortion and quivering curare-tipped darts (29% to hit)
The bolt of dispelling energy hits Sonja!!
Sonja is heavily wounded.
Unknown command.
Unknown command.
You completely miss Sonja.
Sonja is heavily wounded.
Sonja barely misses you.
Sonja hits you with a +2 short sword of distortion.
Space warps around you.
Sonja hits you with a +2 short sword of distortion.
Space warps around you.
Sonja hits you with a +2 short sword of distortion. x2
Space warps around you. Sonja misses you.
Aiming: Quicksilver Bolt
Press: ? - help, Shift-Dir - straight line, f/p - Sonja
Aim: Sonja, wielding a +2 short sword of distortion and quivering curare-tipped darts (heavily wounded, 29% to hit)
The bolt of dispelling energy misses Sonja.
Sonja hits you with a +2 short sword of distortion.
Space warps horribly around you! Sonja closely misses you.
Sonja hits you with a +2 short sword of distortion!
* * * LOW HITPOINT WARNING * * *
Space warps around you.
* * * LOW HITPOINT WARNING * * *
Unknown command.
Aiming: Quicksilver Bolt
Press: ? - help, Shift-Dir - straight line, f/p - Sonja
Aim: Sonja, wielding a +2 short sword of distortion and quivering curare-tipped darts (heavily wounded, 29% to hit)
The bolt of dispelling energy misses Sonja.
Sonja hits you with a +2 short sword of distortion.
* * * LOW HITPOINT WARNING * * *
Space warps around you.
You die...

################
#<.#..)..#..'..#
#..)..#..'[.#..+
#..#####'#####'#
#..# #..#...#.#
#..# ####..##.#
#..# ##'#_.+
#⌠⌠# +..._# ####
#_@#=# ##K#.#
#.### $.$ $.$
##.## #+#


You could see Sonja.

Vanquished Creatures
  Sigmund (D)
  An ogre (D)
  A jelly (D)
  Ijyb (D)
4 creatures vanquished.

Notes
Turn   | Place    | Note
-------+----------+-------------------------------------------
     0 | D        | Zeld the Minotaur Berserker began the quest for the Orb.
     0 | D        | Reached XP level 1. HP: 19/19 MP: 0/0
     1 | D        | Noticed Ijyb
     7 | D        | Killed Ijyb
     8 | D        | Reached skill level 5 in Axes
     8 | D        | Reached XP level 2. HP: 14/28 MP: 1/1
   268 | D        | Noticed an ogre
   272 | D        | Killed an ogre
   273 | D        | Reached skill level 7 in Axes
   273 | D        | Reached skill level 5 in Armour
   273 | D        | Reached XP level 3. HP: 37/37 MP: 2/2
   273 | D        | Reached XP level 4. HP: 44/44 MP: 3/3
   486 | D        | Noticed Sigmund
   491 | D        | Killed Sigmund
   491 | D        | Reached ** piety under Trog
   492 | D        | Reached skill level 10 in Axes
   492 | D        | Reached XP level 5. HP: 52/52 MP: 4/4
   745 | D        | Found an ornate altar of the Wu Jian Council.
   745 | D        | Found a shimmering blue altar of Sif Muna.
   747 | D        | Found a radiant altar of Vehumet.
   751 | D        | Reached XP level 6. HP: 48/61 MP: 5/5
   920 | D        | Noticed Sonja
   924 | D        | HP: 3/61 [Sonja/+2 short sword of distortion (4)]
   924 | D        | Slain by Sonja

Illustrated notes

Levels and vault maps discovered:
D:        dungeon_sprint_1 [red_sonja_temple_1, red_sonja_temple_small_1]

Skill      XL: |  1  2  3  4 |
---------------+-------------+-----
Fighting       | 4 6 7 |  7.8
Axes           | 5 7 10 | 10.4
Armour         | 3 5 7 |  7.2
Dodging        | 3 4 6 |  6.6

Action                   |  1- 3 |  4- 6 || total
-------------------------+-------+-------++-------
Melee: Hand axe          |     8 |     3 ||    11
       Headbutt          |     1 |       ||     1
       Halberd           |       |     4 ||     4
Invok: Berserk           |     2 |     1 ||     3
Evoke: Wand              |       |     3 ||     3
Dodge: Dodged            |     1 |     3 ||     4
